Cogmind - Beta 16 @@@ ROGUE MODE // 2025.12.18 @ 06:27:19 Player: Mozco Result: Self-destructed Performance ------------- Evolutions (7) 3500 Regions Visited (28) 5600 Robots Destroyed (292) 1460 Value Destroyed (11921) 11921 Prototype IDs (91) 1820 Alien Tech Used (0) 0 Bonus (2259) 2259 TOTAL SCORE: 26560 Bonus ------- High Alert Combat Kills 528 Follower Combat Kills 1961 Network Hubs Disabled 200 Aligned with FarCom 300 Met Data Miner 300 Destroyed Z-Imprinter 1000 Met Warlord at Base 500 MAIN.C Attacked Warlord 500 Built Enhanced Grunts 300 A7 Reached Mainframe 300 Met R17 at Cetus 500 Friendly Fire -4130 Cogmind --------- Core Integrity 1162/1300 Matter 235/300 Energy 37/150 System Corruption 3% Temperature Cool (0) Movement Hovering (152) Ox2 Location -3/Research Parts ------- > --- POWER (2) -------- Micro Antimatter Reactor > --- PROPULSION (10) -- Gyrokinetic Inverter Improved Antigrav System Improved Antigrav System Improved Antigrav System Cooled Antigrav System > --- UTILITY (6) ------ Advanced Cooling System Huge Storage Unit Advanced Gravity Neutralizer Centrium Medium Armor Plating EM Shield > --- WEAPON (3) ------- Force Rifle Heavy Dispersion Rifle Enhanced Hardcell Cannon > --- INVENTORY (25) --- Advanced Heat Sink Experimental Energy Well (600) Experimental Matter Compressor (322) Zionite Metafield Generator Zionite Weapon Casing Zionite Weapon Casing Medium Regenerative Plating Experimental Thermal Shield Improved System Restoration Module Improved System Restoration Module Hacking Drone Bay (1/1) Gamma Rifle Vortex Rifle (35) Firepult Advanced KE Penetrator Enhanced Hardcell Cannon Precision Grenade Launcher Tiamat Missile Launcher Advanced Remote Datajack Peak State ------------ > --- POWER ------------ Vortex Chain Reactor > --- PROPULSION ------- Heavy Siege Treads Centrium Heavy Treads Centrium Heavy Treads Centrium Heavy Treads Centrium Heavy Treads > --- UTILITY ---------- Advanced Cooling System Huge Storage Unit Centrium Medium Armor Plating Improved Shield Generator > --- WEAPON ----------- Force Rifle Force Rifle Advanced KE Penetrator > --- INVENTORY -------- Zionite Glidesys I Zionite Glidesys I Zionite Glidesys I Antigrav System Antigrav System Gyrokinetic Inverter Improved Antigrav System Zionite Glidesys II Cooled Antigrav System Cooled Antigrav System Experimental Energy Well Experimental Matter Compressor Zionite Metafield Generator Zionite Weapon Casing Zionite Weapon Casing Experimental Thermal Shield EM Shield Hacking Drone Bay Vortex Rifle Cooled Particle Cannon Firepult Enhanced Hardcell Cannon Enhanced Hardcell Cannon Precision Grenade Launcher [Rating: 164] Favorites ----------- Power Light Angular Momentum Engine Engine Light Angular Momentum Engine Power Core Light Neutrino Core Reactor Vortex Chain Reactor Propulsion Armored Treads Treads Armored Treads Leg Zionite Composite Leg I Wheel Wheel Hover Unit Zionite Glidesys I Flight Unit Improved Diametric Drive Utility Huge Storage Unit Device Cooling System Storage Huge Storage Unit Processor Core Analyzer Hackware Makeshift Hacking Suite Protection Layered Medium Armor Plating Weapon Precision Shock Rifle Energy Gun Precision Shock Rifle Energy Cannon Heavy Particle Cannon Ballistic Gun Light Assault Rifle Ballistic Cannon Gauss Cannon Launcher Advanced EMP Blaster Special Weapon Plasma Cutter Build | -11 -10 -10 -9 -9 -9 -8 -8 -7 -7 -7 -6 -6 -6 -6 -6 -6 -5 -5 -5 -5 -5 -4 -4 -4 -4 -4 -4 -3 ------- Run | Yrd Mat Min Mat Min Exi Min Mat Fac Low Dat Pro Fac Low Low Zio Dee Pro Fac Upp Upp War Pro Fac Ext Cet Arc Hub Res Slots Evolved 14 | . . . 2 . . . 2 2 . . . 2 . . . . . 2 . . . . 2 . . . . 2 Power 1 | . . . . . . . . . . . . 1 . . . . . . . . . . . . . . . . Propulsion 8 | . . . . . . . 2 2 . . . . . . . . . 2 . . . . 2 . . . . . Utility 4 | . . . 2 . . . . . . . . . . . . . . . . . . . . . . . . 2 Weapon 1 | . . . . . . . . . . . . 1 . . . . . . . . . . . . . . . . Parts Attached 247 | 6 4 7 16 6 2 . 24 18 4 . 4 25 6 5 6 23 1 20 4 2 12 . 5 11 7 15 6 8 Power 23 | 1 1 1 1 . 1 . 2 . . . . 3 1 . . 3 . 5 . . 1 . . . . 2 . 1 Engine 10 | 1 1 . 1 . 1 . 1 . . . . 3 1 . . 1 . . . . . . . . . . . . Core 7 | . . 1 . . . . 1 . . . . . . . . . . 5 . . . . . . . . . . Reactor 6 | . . . . . . . . . . . . . . . . 2 . . . . 1 . . . . 2 . 1 Propulsion 82 | 2 . 3 5 2 . . 10 6 1 . 1 7 . 2 1 6 1 4 1 . 5 . 1 8 4 5 3 4 Treads 30 | . . . 1 . . . 7 6 1 . 1 4 . 1 . . . . 1 . . . 1 3 4 . . . Leg 28 | . . 3 4 2 . . 3 . . . . . . . 1 4 1 3 . . 2 . . 5 . . . . Wheel 6 | 2 . . . . . . . . . . . 3 . 1 . . . . . . . . . . . . . . Hover 17 | . . . . . . . . . . . . . . . . 2 . 1 . . 2 . . . . 5 3 4 Flight 1 | . . . . . . . . . . . . . . . . . . . . . 1 . . . . . . . Utility 84 | 1 2 . 8 1 1 . 5 8 2 . . 12 3 2 2 9 . 5 2 2 2 . 2 3 1 7 3 1 Device 47 | . . . 6 1 . . 1 5 1 . . 7 3 . 2 4 . 2 1 1 1 . 2 2 . 5 2 1 Storage 14 | 1 2 . . . 1 . 1 1 1 . . 2 . . . 1 . 1 . . 1 . . 1 . 1 . . Processor 4 | . . . . . . . 1 . . . . 1 . . . . . . 1 1 . . . . . . . . Hackware 1 | . . . . . . . . . . . . . . 1 . . . . . . . . . . . . . . Protection 18 | . . . 2 . . . 2 2 . . . 2 . 1 . 4 . 2 . . . . . . 1 1 1 . Artifact . | . . . . . . . . . . . . . . . . . . . . . . . . . . . . . Weapon 58 | 2 1 3 2 3 . . 7 4 1 . 3 3 2 1 3 5 . 6 1 . 4 . 2 . 2 1 . 2 Energy Gun 23 | . . 1 . . . . 1 2 . . 2 1 . 1 . 4 . 3 1 . 4 . 1 . 1 . . 1 Energy Cannon 9 | . . . 2 1 . . 3 . . . . . . . 2 . . 1 . . . . . . . . . . Ballistic Gun 9 | 2 . 1 . 1 . . 1 . . . . . . . . . . 2 . . . . . . 1 1 . . Ballistic Cannon 7 | . . . . . . . 1 2 . . . 1 2 . . . . . . . . . 1 . . . . . Launcher 9 | . 1 1 . 1 . . 1 . 1 . 1 1 . . . 1 . . . . . . . . . . . 1 Special Weapon 1 | . . . . . . . . . . . . . . . 1 . . . . . . . . . . . . . Impact Weapon . | . . . . . . . . . . . . . . . . . . . . . . . . . . . . . Slashing Weapon . | . . . . . . . . . . . . . . . . . . . . . . . . . . . . . Piercing Weapon . | . . . . . . . . . . . . . . . . . . . . . . . . . . . . . Special Melee Weapon . | . . . . . . . . . . . . . . . . . . . . . . . . . . . . . Unidentified Prototypes 48 | . . . . . . . 3 3 . . . 3 . . 1 15 . 5 . . 8 . . 1 3 4 . 2 Corrupted Parts 6 | . . . . . . . . . . . 1 . . . . . 1 . . . 1 . . . 3 . . . System Corruption 41 | . . . . . . . . . . . 6 . . . . . 7 . . . 10 . . . 18 . . . Parts Lost 53 | . . 3 2 1 . . 3 3 2 . 4 7 3 1 . . . 6 . . . . . 1 1 . 10 6 Power 5 | . . . . . . . . . . . . . 1 . . . . 1 . . . . . . . . 2 1 Propulsion 25 | . . 1 1 . . . 2 2 1 . 2 4 1 1 . . . . . . . . . . . . 6 4 Utility 13 | . . . 1 1 . . 1 1 1 . 1 2 . . . . . 3 . . . . . 1 . . . 1 Weapon 10 | . . 2 . . . . . . . . 1 1 1 . . . . 2 . . . . . . 1 . 2 . Highest Loss Streak 10 | . . 3 2 1 . . 1 1 1 . 2 2 3 1 . . . 2 . . . . . 1 1 . 10 3 To Critical Strikes 2 | . . . . . . . 1 . . . . . . . . . . . . . . . . . 1 . . . Average Backups 22 | 2 10 18 19 20 19 19 21 23 23 24 23 23 23 23 23 23 22 23 23 24 23 24 24 23 23 22 21 17 Power 1 | . 1 3 3 3 2 2 2 3 3 3 3 1 1 1 1 1 1 . 1 1 1 1 . . . . . . Propulsion 4 | 1 4 4 4 6 7 7 6 4 4 4 3 1 2 1 1 1 4 5 7 8 8 10 10 9 10 5 2 . Utility 6 | . . 3 2 3 3 3 4 7 5 5 4 6 9 9 9 10 10 8 6 7 6 7 7 7 7 9 12 10 Weapon 8 | . 4 7 8 6 5 6 6 7 9 11 10 12 10 10 11 9 7 8 8 8 7 6 6 7 6 6 5 6 Tool/Special . | . . . . . . . . . . . . . . . . . . . . . . . . . . . . . Unused Backups 37 | . 1 . 4 . . . 2 1 . . . 4 . . 2 7 . 3 . . 2 . 1 2 . . . 8 Power 7 | . . . 2 . . . . 1 . . . 1 . . . . . 1 . . 1 . . 1 . . . . Propulsion 2 | . 1 . . . . . . . . . . . . . 1 . . . . . . . . . . . . . Utility 14 | . . . . . . . 1 . . . . 1 . . 1 4 . 1 . . . . . 1 . . . 5 Weapon 13 | . . . 2 . . . 1 . . . . 2 . . . 3 . 1 . . 1 . 1 . . . . 2 Tool/Special 1 | . . . . . . . . . . . . . . . . . . . . . . . . . . . . 1 Average Slot Usage (%) 92 | . 95 93 94 95 100 100 93 85 99 85 92 97 96 99 95 90 93 83 99 99 97 94 88 83 71 80 82 72 Engine 7 | . 14 7 10 11 11 11 6 7 7 7 7 12 10 13 13 6 6 1 . . . . . . . . . . Core 1 | . . 6 . . . . 2 . . . . . . . . . . 6 11 11 6 . . . . . . . Reactor 1 | . . . . . . . . . . . . . . . . 5 6 1 . . 1 5 5 5 5 8 8 3 Treads 18 | . . . . . . . 23 45 45 46 41 36 25 26 30 25 6 . 4 5 . . 4 11 24 5 . . Leg 13 | . . 24 21 22 22 22 10 . . . . . . . 2 8 33 36 41 41 46 47 42 30 5 . . . Wheel 2 | . 28 3 . . . . . . . . . 1 13 12 4 . . . . . . . . . . . . . Hover 1 | . . . . . . . . . . . . . . . . . . 1 . . . . . . . 32 37 27 Device 13 | . . . 20 22 33 33 12 9 14 15 13 16 13 11 13 7 6 5 16 16 16 17 15 14 11 9 9 14 Storage 8 | . 23 28 11 11 11 11 9 7 7 7 7 6 6 6 6 6 6 5 5 5 5 5 5 5 5 5 5 4 Protection 4 | . . . 7 6 . . 7 5 7 7 7 1 6 7 6 9 6 4 . . . . . . 3 2 4 7 Energy Gun 7 | . . 12 1 . . . 1 . 7 . 8 9 2 11 8 13 13 10 10 11 10 11 10 10 9 10 7 6 Energy Cannon 4 | . . . 19 19 22 21 15 1 . . . . . . 2 2 . 2 3 . . . . . 1 . 2 . Ballistic Gun 1 | . 27 5 . 1 . . . . . . . . . . . . . . . . . . . . . 5 5 1 Ballistic Cannon 2 | . . . . . . . . 5 3 . 1 4 16 2 . . . . . . . . 2 5 . . . 3 Launcher 2 | . . 4 1 1 . . . . 3 . 3 3 . 4 3 1 6 1 2 5 5 5 2 . 2 . . . Peak Build Rating 164 | 6 8 14 25 28 30 30 37 56 47 45 45 60 67 70 87 96 98 114 114 113 127 123 143 150 164 164 157 155 Average Rating 67 | 4 7 10 21 22 28 29 33 38 44 36 42 53 61 67 76 83 91 102 112 112 116 123 137 143 150 145 139 138 On Entrance 72 | . 6 8 14 20 28 30 30 37 45 45 45 44 56 67 70 82 95 98 99 113 113 123 123 142 143 164 149 114 Avg Prop Armor Cover (%) 10 | . . . 8 . . . 6 3 . . . 21 13 19 12 2 3 . 5 5 6 . 10 12 7 13 . 13 Naked Turns . | . . . . . . . . . . . . . . . . . . . . . . . . . . . . . Heaviest Build 193 | 13 68 70 70 68 66 66 129 193 118 116 118 126 130 133 144 142 124 132 127 125 139 139 146 146 145 145 149 158 Greatest Support 390 | 26 26 30 30 30 30 30 80 123 120 120 120 132 90 20 118 118 140 155 149 149 174 166 166 233 390 320 149 117 Greatest Overweight (x) 13 | . 2 4 6 3 2 2 2 1 1 . 1 6 6 13 6 2 1 . . . 1 . . 5 . 2 1 10 Average Overweight (x) 1 | . 1 2 2 2 2 2 . . . . . 1 4 6 3 . . . . . . . . . . . . 1 Largest Inventory Capacity 25 | 8 20 20 20 20 20 20 25 25 25 25 25 25 25 25 25 25 25 25 25 25 25 25 25 25 25 25 25 25 Average Capacity 23 | 7 15 20 20 20 20 20 22 25 25 25 25 25 25 25 25 25 25 25 25 25 25 25 25 25 25 25 25 25 Most Carried 25 | 6 17 20 20 20 20 20 25 25 25 25 25 25 25 25 25 25 25 25 25 25 25 25 25 25 25 25 25 21 Average Carried 23 | 3 10 18 19 19 19 20 22 24 24 25 24 24 24 24 24 24 25 24 24 25 24 25 24 24 24 23 22 18 Final Capacity 25 | 8 20 20 20 20 20 20 25 25 25 25 25 25 25 25 25 25 25 25 25 25 25 25 25 25 25 25 25 25 Final Carried 25 | 6 17 20 20 20 20 20 25 25 25 25 24 25 25 24 25 25 25 25 25 25 25 25 25 25 25 25 18 20 Class Distribution -------------------- 27% | Tank 22% | Mutant 20% | Scavenger-Mutant 18% | Scavenger-Tank 7% | Scavenger-Skirmisher Dominant Class ---------------- Mutant | -10/Materials Mutant | -10/Mines Scavenger-Mutant | -9/Materials Mutant | -9/Mines Mutant | -9/Exiles Mutant | -8/Mines Scavenger-Mutant | -8/Materials Scavenger-Mutant | -7/Factory Scavenger-Mutant | -7/Lower Caves Scavenger-Mutant | -7/Data Miner Scavenger-Mutant | -6/Proximity Caves Scavenger-Skirmisher | -6/Factory Tank | -6/Lower Caves Tank | -6/Lower Caves Tank | -6/Zion Scavenger-Tank | -6/Deep Caves Tank | -5/Proximity Caves Scavenger-Skirmisher | -5/Factory Tank | -5/Upper Caves Tank | -5/Upper Caves Scavenger-Tank | -5/Warlord Tank | -4/Proximity Caves Tank | -4/Factory Scavenger-Tank | -4/Extension Scavenger-Tank | -4/Cetus Scavenger-Skirmisher | -4/Archives Scavenger-Skirmisher | -4/Hub_04(d) Scavenger-Tank | -3/Research Resources | -11 -10 -10 -9 -9 -9 -8 -8 -7 -7 -7 -6 -6 -6 -6 -6 -6 -5 -5 -5 -5 -5 -4 -4 -4 -4 -4 -4 -3 ----------- Run | Yrd Mat Min Mat Min Exi Min Mat Fac Low Dat Pro Fac Low Low Zio Dee Pro Fac Upp Upp War Pro Fac Ext Cet Arc Hub Res Matter Collected 7488 | 260 192 163 190 102 . 120 344 708 725 . 283 729 355 70 68 505 80 403 181 44 . 196 81 507 184 392 5 601 Remotely . | . . . . . . . . . . . . . . . . . . . . . . . . . . . . . Salvage Created 13058 | . 484 417 857 335 . 220 1573 907 539 . 802 2036 34 86 . 498 219 990 362 . . 235 28 756 404 608 120 548 Parts 629 | . 30 19 40 18 . 13 79 58 21 . 26 92 5 2 . 13 7 41 8 . . 17 1 22 20 53 2 42 Haulers Intercepted 13 | . 2 . 1 . . . 5 1 . . . 2 . . . . . 2 . . . . . . . . . . Recyclers Shooed 11 | . . . . . . . 1 1 . . . 5 . . . . . . . . . . . 2 . . . 2 Parts Field Recycled . | . . . . . . . . . . . . . . . . . . . . . . . . . . . . . Retrieved Matter . | . . . . . . . . . . . . . . . . . . . . . . . . . . . . . Parts Self-Destructed 24 | . . . . . . . . . 3 . 3 . 5 . 2 . 3 . 6 . . 2 . . . . . . Prevented 50 | . . . . . . . . . 11 . 22 . . 2 . . 4 . 9 . . 2 . . . . . . Parts Restored . | . . . . . . . . . . . . . . . . . . . . . . . . . . . . . Kills | -11 -10 -10 -9 -9 -9 -8 -8 -7 -7 -7 -6 -6 -6 -6 -6 -6 -5 -5 -5 -5 -5 -4 -4 -4 -4 -4 -4 -3 ------- Run | Yrd Mat Min Mat Min Exi Min Mat Fac Low Dat Pro Fac Low Low Zio Dee Pro Fac Upp Upp War Pro Fac Ext Cet Arc Hub Res Combat Hostiles Destroyed 219 | . 9 8 15 11 . 7 25 21 11 . 14 31 2 3 . 9 4 14 5 . . 4 1 10 4 1 2 8 Melee 1 | . . . . . . . 1 . . . . . . . . . . . . . . . . . . . . . Guns 43 | . 6 6 . 1 . . 2 . 2 . 2 1 . . . 1 1 9 2 . . 1 . 4 . 1 1 3 Cannons 90 | . . . 13 8 . 5 21 19 1 . . 8 2 . . 1 . 1 . . . . 1 5 . . . 5 AOE 47 | . 3 2 . 2 . 2 . 1 4 . 4 17 . 2 . 3 2 1 . . . 3 . . 1 . . . Classes Destroyed 23 | . 7 1 2 1 . . 3 2 . . 1 2 . . . 2 . . . . . 1 . . . . 1 . Worker 17 | . 2 1 . 1 . . . 3 . . . 7 . . . . . 2 . . . . . . . . . 1 Builder 14 | . 1 . . 1 . 1 1 3 . . . 3 . . . . . 3 . . . . . 1 . . . . Tunneler 3 | . . . . . . . . . . . . 3 . . . . . . . . . . . . . . . . Hauler 13 | . 2 . 1 . . . 5 1 . . . 2 . . . . . 2 . . . . . . . . . . Recycler 10 | . 1 1 2 . . . 2 1 . . . 2 . . . . . . . . . . . . . . . 1 Operator 11 | . . . 1 . . . . . . . . . . . . . . . . . . . . 1 . 9 . . Drone 2 | . . . . . . . . . . . 2 . . . . . . . . . . . . . . . . . Watcher 6 | . 1 . 1 . . . 2 . . . . 1 . . . . . . . . . . . 1 . . . . Swarmer 32 | . 3 1 . . . . 4 . . . . 8 . 3 . . 1 4 . . . 4 . 1 . . . 3 Cutter 1 | . . . . . . . . . . . . . . . . . . . . . . . . . . . 1 . Grunt 109 | . 6 7 12 8 . 7 13 13 6 . 6 18 . . . . 2 4 4 . . . . 2 . . 1 . Duelist 4 | . . . . . . . . 1 . . 2 . . . . . 1 . . . . . . . . . . . Sentry 18 | . . . 3 . . . 4 1 . . 1 1 . . . . . . 1 . . . 1 5 . 1 . . Specialist 2 | . . . . . . . 2 . . . . . . . . . . . . . . . . . . . . . Hunter 6 | . . . . . . . 1 1 . . 3 . . . . . . . . . . . . . . . . 1 Programmer 21 | . . . . . . . . 4 1 . . 3 1 . . . . 6 . . . . . 2 . . . 4 Heavy 2 | . . . . . . . 1 1 . . . . . . . . . . . . . . . . . . . . Behemoth 2 | . . . . . . . . . . . . 1 1 . . . . . . . . . . . . . . . Cetus Guard 4 | . . . . . . . . . . . . . . . . . . . . . . . . . 4 . . . Enhanced Grunt 1 | . . . . . . . . . . . . . . . . . . . . . . . . . 1 . . . Zionite 1 | . . 1 . . . . . . . . . . . . . . . . . . . . . . . . . . Z-Light 6 | . . . . . . . . . . . . . . . . 6 . . . . . . . . . . . . Samaritan 2 | . . . . . . . . . . . . . . . . . . . . . . 2 . . . . . . Assembled 5 | . . . . 3 . . . . . . . . . . . 2 . . . . . . . . . . . . Golem 1 | . . . . . . . . . . . . . . . . 1 . . . . . . . . . . . . Wasp 3 | . . . . . . . . . 3 . . . . . . . . . . . . . . . . . . . Thug 2 | . . . . . . . . . 1 . . . . . . . . . . . . . . . . 1 . . Best Kill Streak 13 | . 5 2 5 4 . 3 9 9 4 . 4 13 1 3 . 3 3 5 4 . . 4 1 2 3 3 1 5 Combat Bots Only 8 | . 4 2 4 3 . 3 7 5 4 . 4 8 1 3 . 3 3 4 4 . . 4 1 2 3 1 1 3 Max Kills in Single Turn 5 | . 2 1 1 1 . 2 2 3 1 . 1 5 1 2 . 2 1 2 1 . . 1 1 1 1 1 1 1 Gunslinging . | . . . . . . . . . . . . . . . . . . . . . . . . . . . . . Exploded 3 | . 2 1 . 1 . 1 . 1 1 . 1 3 . 2 . 2 1 1 . . . 1 . . 1 . . . Melee 1 | . . . . . . . 1 . . . . . . . . . . . . . . . . . . . . . Uniques/NPCs Destroyed 2 | . . . . . . . . . . . . . . . . 1 . . . . . . . . . 1 . . Z-Imprinter (-6/Deep Caves) A7 (-4/Archives) Combat | -11 -10 -10 -9 -9 -9 -8 -8 -7 -7 -7 -6 -6 -6 -6 -6 -6 -5 -5 -5 -5 -5 -4 -4 -4 -4 -4 -4 -3 -------- Run | Yrd Mat Min Mat Min Exi Min Mat Fac Low Dat Pro Fac Low Low Zio Dee Pro Fac Upp Upp War Pro Fac Ext Cet Arc Hub Res Hostile Shots Fired 1242 | . 31 50 51 34 . 36 105 170 56 . 80 96 43 13 . 17 19 65 16 . . 9 10 84 28 4 116 109 Missed 376 | . 6 13 10 9 . 14 30 39 17 . 45 35 13 4 . 7 9 15 7 . . 2 2 20 7 2 37 33 Hits 866 | . 25 37 41 25 . 22 75 131 39 . 35 61 30 9 . 10 10 50 9 . . 7 8 64 21 2 79 76 Melee 12 | . . . . 1 . . . 2 . . 1 . . . . . . . . . . . . . . . 8 . Projectile 854 | . 25 37 41 24 . 22 75 129 39 . 34 61 30 9 . 10 10 50 9 . . 7 8 64 21 2 71 76 AOE 2 | . . . . . . . . . . . . . . . . . . 2 . . . . . . . . . . Critical Strikes 43 | . . 1 1 . . 1 2 6 1 . 1 2 5 . . . . 2 . . . . 1 6 5 . 7 2 Part Disruptions 2 | . . . . . . . . 1 . . . . . . . . . . . . . . . . . . 1 . Damage Taken 14447 | . 334 488 543 348 . 372 1197 1834 451 . 564 1090 660 95 . 311 195 996 101 . . 66 95 937 468 78 1875 1349 Core 1466 | . 130 90 119 46 . 75 139 53 33 . 18 139 127 23 . 19 . 66 9 . . 9 . 36 38 . 159 138 Absorbed by Shields 1154 | . . . . . . . . 348 94 . . . . 36 . 24 . 89 36 . . 26 36 272 164 29 . . Redirected to Shielding 159 | . . . . . . . . . . . . 77 . . . 82 . . . . . . . . . . . . Ignored by Resistances 1085 | . . . . . . . . . . . . . 35 . . 109 38 31 37 . . . 62 391 33 . 269 80 Regen/Repaired (Parts) 406 | . . . 202 . . . . . . . . . . . . . . . . . 43 . . . . 19 26 116 Core Remaining (%) 68 | 100 . 12 . . . 40 74 . . . 85 . . . . . 63 . . . . 91 . . . . 79 . Volleys Fired 735 | 1 31 40 43 23 . 23 89 79 29 . 31 63 13 7 . 17 8 40 12 . . 13 10 41 41 34 14 33 Largest 3 | 2 2 2 2 2 . 2 2 2 2 . 2 3 3 2 . 3 2 3 3 . . 2 3 3 2 3 3 3 Hottest 250 | 40 40 70 150 150 . 150 150 120 110 . 110 149 149 115 . 250 110 193 160 . . 160 218 218 160 195 195 232 Shots Fired 1311 | 2 58 70 86 42 . 33 162 86 38 . 39 98 39 11 . 32 9 84 20 . . 22 16 106 59 84 41 74 Gun 620 | 2 54 67 . 1 . . 7 6 16 . 23 23 8 8 . 20 2 70 12 . . 18 6 69 45 84 36 43 Cannon 580 | . . . 86 38 . 25 155 80 9 . . 46 31 . . 11 . 11 2 . . . 10 37 3 . 5 31 Launcher 111 | . 4 3 . 3 . 8 . . 13 . 16 29 . 3 . 1 7 3 6 . . 4 . . 11 . . . Special . | . . . . . . . . . . . . . . . . . . . . . . . . . . . . . Kinetic 400 | 2 54 40 . 1 . . 10 76 9 . . 46 31 . . . . . . . . . 10 37 . 32 14 38 Thermal 652 | . . 27 86 38 . 25 145 4 . . . 23 8 . . 14 . 24 2 . . 18 6 69 48 52 27 36 Explosive 24 | . 4 3 . 3 . 8 . . . . 2 3 . . . 1 . . . . . . . . . . . . Electromagnetic 217 | . . . . . . . 7 6 29 . 37 26 . 11 . 17 9 42 18 . . 4 . . 11 . . . Phasic 18 | . . . . . . . . . . . . . . . . . . 18 . . . . . . . . . . Robot Hit Streak 19 | 2 7 4 14 9 . 18 14 10 17 . 11 9 9 2 . 7 1 16 5 . . 4 8 19 10 9 9 8 Robot Miss Streak 5 | . 3 4 2 5 . 1 4 2 4 . 3 4 3 2 . 4 2 3 2 . . 4 1 3 4 3 4 4 Penetration Max . | . . . . . . . . . . . . . . . . . . . . . . . . . . . . . Secondary Targets 4 | . 2 1 . . . . . . . . . . . . . . . . . . . . . . . 1 . . Max Gunslinging Chain 1 | . 1 1 . . . . . . . . . . . . . . . . . . . . . . . 1 . . Shots Hit Robots 787 | 2 33 41 59 25 . 24 95 53 22 . 25 51 28 5 . 20 2 54 11 . . 9 12 74 31 47 25 39 Core Hits 475 | . 27 20 19 15 . 19 48 33 16 . 17 74 6 4 . 27 9 22 8 . . 9 3 28 26 21 6 18 Critical Kills 10 | . . . 1 . . . 2 . . . . . . . . 1 . . . . . . . 1 1 4 . . Critical Parts Destroyed 13 | . 1 . . . . . . . . . . . . . . . . . . . . 1 . 2 1 4 2 2 Critical Strikes 54 | . 1 4 1 . . . 3 10 1 . . 4 6 . . 1 . 3 . . . 1 . 4 3 8 2 2 Burn 6 | . . 4 . . . . . . . . . 1 1 . . . . . . . . . . . . . . . Meltdown 4 | . . . 1 . . . 2 . . . . . . . . 1 . . . . . . . . . . . . Destroy 21 | . 1 . . . . . . . . . . . . . . . . . . . . 1 . 4 3 8 2 2 Blast 20 | . . . . . . . 1 10 1 . . 3 5 . . . . . . . . . . . . . . . Corrupt 3 | . . . . . . . . . . . . . . . . . . 3 . . . . . . . . . . Melee Attacks . | . . . . . . . . . . . . . . . . . . . . . . . . . . . . . Impact . | . . . . . . . . . . . . . . . . . . . . . . . . . . . . . Slashing . | . . . . . . . . . . . . . . . . . . . . . . . . . . . . . Piercing . | . . . . . . . . . . . . . . . . . . . . . . . . . . . . . Sneak Attacks . | . . . . . . . . . . . . . . . . . . . . . . . . . . . . . Combat Hostiles . | . . . . . . . . . . . . . . . . . . . . . . . . . . . . . Follow-up Attacks . | . . . . . . . . . . . . . . . . . . . . . . . . . . . . . Damage Inflicted 31427 | 24 665 634 1556 944 . 1250 2654 3018 1046 . 1518 4376 774 240 . 1149 403 2045 552 . . 475 437 2434 1922 1219 720 1372 Guns 8654 | 24 336 404 . 7 . . 85 125 311 . 382 275 124 56 . 257 21 1258 225 . . 214 97 1198 800 1219 559 677 Cannons 11989 | . . . 1556 575 . 450 2555 2540 134 . . 821 650 . . 256 . 254 28 . . . 340 1080 . . 55 695 Explosions 10329 | . 329 200 . 329 . 798 . 248 601 . 1136 3271 . 184 . 636 382 533 299 . . 261 . . 1122 . . . Melee . | . . . . . . . . . . . . . . . . . . . . . . . . . . . . . Ramming 455 | . . 30 . 33 . 2 14 105 . . . 9 . . . . . . . . . . . 156 . . 106 . Kinetic 7752 | 24 336 214 . 7 . . 245 2464 134 . . 821 650 . . . . . . . . . 340 1080 . 501 132 804 Thermal 12884 | . . 190 1556 575 . 450 2310 148 2 . 129 1589 124 . . 757 . 631 28 . . 214 97 1198 1118 718 482 568 Explosive 2478 | . 329 200 . 329 . 798 . . . . 140 255 . . . 135 . 292 . . . . . . . . . . Electromagnetic 7594 | . . . . . . . 85 301 910 . 1249 1702 . 240 . 257 403 858 524 . . 261 . . 804 . . . Impact . | . . . . . . . . . . . . . . . . . . . . . . . . . . . . . Slashing . | . . . . . . . . . . . . . . . . . . . . . . . . . . . . . Piercing . | . . . . . . . . . . . . . . . . . . . . . . . . . . . . . Phasic 264 | . . . . . . . . . . . . . . . . . . 264 . . . . . . . . . . Highest Corruption 19 | . . . . . . . . 9 10 10 16 1 . . . . 8 6 6 6 16 . . 1 19 19 15 3 Average Corruption 5 | . . . . . . . . 6 9 10 10 1 . . . . 1 4 6 6 8 . . 1 7 13 8 2 Corruption Purged 21 | . . . . . . . . . . . . 2 . . . . . . . . . . . . . 19 . . Corruption Blocked . | . . . . . . . . . . . . . . . . . . . . . . . . . . . . . Effects 221 | . . . . . . . . 37 40 5 27 10 . . . . 1 25 18 6 1 . . 11 13 19 3 5 Message Errors 55 | . . . . . . . . 9 12 . 8 2 . . . . 1 10 2 1 . . . 2 3 4 . 1 Matter Fused 54 | . . . . . . . . 10 11 2 5 3 . . . . . 3 8 1 . . . 4 2 4 . 1 Heat Flow Errors 23 | . . . . . . . . 4 4 1 1 1 . . . . . 4 2 . . . . 1 3 2 . . Energy Discharges 26 | . . . . . . . . 4 5 . 4 1 . . . . . 4 2 2 . . . 2 1 1 . . Parts Rejected 3 | . . . . . . . . . . . . . . . . . . 1 . . . . . 1 . . 1 . Data Loss (minor) 26 | . . . . . . . . 5 3 . 7 . . . . . . 2 2 1 . . . . 2 3 1 . Data Loss (major) 13 | . . . . . . . . 2 1 1 2 2 . . . . . . 2 . 1 . . 1 1 . . . Misfires 8 | . . . . . . . . 2 2 . . . . . . . . 1 . . . . . . . . . 3 Alerts 8 | . . . . . . . . 1 2 1 . 1 . . . . . . . 1 . . . . 1 1 . . Weapon Failures 5 | . . . . . . . . . . . . . . . . . . . . . . . . . . 4 1 . Overload Shots 2 | . . . . . . . . . . . . . . . . . . . . . . . . . 2 . . . Effects 1 | . . . . . . . . . . . . . . . . . . . . . . . . . 1 . . . Short Circuit 1 | . . . . . . . . . . . . . . . . . . . . . . . . . 1 . . . Overflow Damage 770 | . . 7 41 12 . 21 35 299 10 . 17 50 18 . . . 14 45 . . . 24 . 83 . . 85 9 Projectiles 443 | . . . 41 12 . 13 35 293 . . . 18 18 . . . . 4 . . . . . . . . . 9 Explosions 159 | . . 7 . . . 8 . 6 10 . 17 32 . . . . 14 41 . . . 24 . . . . . . Melee 168 | . . . . . . . . . . . . . . . . . . . . . . . . 83 . . 85 . Knockbacks 33 | . . . . 1 . . 4 14 1 . . 2 . . . . . . . . . . . 1 . . 1 9 Impact 2 | . . . . 1 . . . . . . . . . . . . . . . . . . . . . . 1 . Kinetic 29 | . . . . . . . 4 13 1 . . 2 . . . . . . . . . . . 1 . . . 8 Secondary 2 | . . . . . . . . 1 . . . . . . . . . . . . . . . . . . . 1 Self-Inflicted Damage 461 | . 34 . . . . 24 . 99 37 . 75 83 . . . . 40 . . . . . . . 17 . 52 . Shots 21 | . 1 . . . . 3 . 4 2 . 3 4 . . . . 3 . . . . . . . 1 . . . Rammed 9 | . . . . . . . 1 5 . . . 1 . . . . . . . . . . . . . . 2 . Targets Rammed 30 | . . 2 1 3 . 1 3 8 . . . 3 . . . . . . . . . . . 7 . . 2 . Kicked 13 | . . 2 1 3 . 1 . . . . . . . . . . . . . . . . . 6 . . . . Crushed 8 | . . . . . . . 2 3 . . . 2 . . . . . . . . . . . 1 . . . . Highest Temperature 534 | . 16 230 135 7 . 11 368 516 216 157 163 198 534 225 . 480 173 306 283 . . 300 246 208 204 415 385 393 Average Temperature 99 | . 8 84 49 5 . 11 100 114 81 97 50 59 130 86 . 102 82 89 112 . . 108 126 66 107 114 200 141 Received Heat Transfer 3754 | . 147 282 279 219 . 216 414 515 109 . 132 285 624 . . 84 54 42 30 . . . . 158 10 12 142 . Effects 22 | . . 2 . . . . 6 3 . . . . 2 . . 2 . . . . . 1 . . . 3 2 1 Shutdowns 6 | . . . . . . . 1 1 . . . . 1 . . 1 . . . . . . . . . 1 1 . Energy Bleed 7 | . . . . . . . 2 2 . . . . 1 . . . . . . . . 1 . . . 1 . . Interference 6 | . . 2 . . . . 3 . . . . . . . . . . . . . . . . . . 1 . . Damage (minor) 3 | . . . . . . . . . . . . . . . . 1 . . . . . . . . . . 1 1 Siege Activations 1 | . . . . . . . . . . . . . . . . . . . . . . . . 1 . . . . Total Turns 10 | . . . . . . . . . . . . . . . . . . . . . . . . 10 . . . . Longest Duration 10 | . . . . . . . . . . . . . . . . . . . . . . . . 10 . . . . Martial Activations . | . . . . . . . . . . . . . . . . . . . . . . . . . . . . . Shielding Activations . | . . . . . . . . . . . . . . . . . . . . . . . . . . . . . Robots Disrupted 1 | . . . . . . . . . . . . 1 . . . . . . . . . . . . . . . . Combat Hostiles . | . . . . . . . . . . . . . . . . . . . . . . . . . . . . . Robots Corrupted 33 | . . . . . . . . 1 4 . 8 5 . 1 . 1 1 5 3 . . . . . 3 . 1 . Combat Hostiles 31 | . . . . . . . . 1 4 . 8 5 . 1 . 1 1 3 3 . . . . . 3 . 1 . Parts Fried 48 | . . . . . . . . 1 8 . 17 5 . 3 . . 1 6 2 . . . . . 3 . 2 . Impact Corruptions 6 | . . . . . . . . 1 . . . . . . . . . . . . . . . 3 . . 2 . Robots Melted 8 | . . . 2 . . . 2 . . . . . . . . 3 . . . . . . . 1 . . . . Combat Hostiles 7 | . . . 2 . . . 1 . . . . . . . . 3 . . . . . . . 1 . . . . Parts Melted 44 | . 1 . 4 2 . . 1 . . . . 1 . . . 21 . 3 . . . 1 . 4 . 4 1 1 Heat Transferred 19496 | . . 851 2294 851 . 666 3441 211 50 . 150 1805 296 . . 2460 . 629 37 . . 333 148 1813 963 1091 630 777 Parts Sabotaged . | . . . . . . . . . . . . . . . . . . . . . . . . . . . . . Parts Stolen . | . . . . . . . . . . . . . . . . . . . . . . . . . . . . . Parts Stripped . | . . . . . . . . . . . . . . . . . . . . . . . . . . . . . Power Chain Reactions 12 | . . . . . . . . 1 1 . 2 6 . . . 1 . . . . . . . . 1 . . . Alert | -11 -10 -10 -9 -9 -9 -8 -8 -7 -7 -7 -6 -6 -6 -6 -6 -6 -5 -5 -5 -5 -5 -4 -4 -4 -4 -4 -4 -3 ------- Run | Yrd Mat Min Mat Min Exi Min Mat Fac Low Dat Pro Fac Low Low Zio Dee Pro Fac Upp Upp War Pro Fac Ext Cet Arc Hub Res Maximum Alert Level 3 | . 1 . . . . . 1 2 . . . 3 . . . . . 1 . . . . . 3 2 1 1 1 Low Security (%) 63 | 100 99 100 100 100 . 100 51 23 . . . 49 . . . . . 85 . . . . 100 16 . 4 60 90 Level 1 19 | . . . . . . . 48 51 . . . 14 . . . . . 14 . . . . . 36 7 95 39 9 Level 2 10 | . . . . . . . . 25 . . . 14 . . . . . . . . . . . 22 92 . . . Level 3 5 | . . . . . . . . . . . . 22 . . . . . . . . . . . 23 . . . . Level 4 . | . . . . . . . . . . . . . . . . . . . . . . . . . . . . . Level 5 . | . . . . . . . . . . . . . . . . . . . . . . . . . . . . . High Security . | . . . . . . . . . . . . . . . . . . . . . . . . . . . . . Max Security . | . . . . . . . . . . . . . . . . . . . . . . . . . . . . . Peak Influence 898 | . 203 170 164 156 . 89 380 512 . . . 898 . . . . . 304 . . . . 32 832 557 285 281 219 Initial 451 | . . 51 26 21 . . 27 159 . . . 150 . . . . . . . . . . . 1 451 153 74 111 Average 195 | . 71 53 72 53 . 19 193 297 . . . 326 . . . . . 93 . . . . 3 448 457 243 187 145 Influence Increases 9141 | . 304 366 464 316 . 192 850 881 185 . 305 1338 60 70 . . 112 592 140 . . 90 50 1454 416 307 379 270 Destroy 0b10 Robot/C 4700 | . 180 180 300 160 . 140 500 420 140 . 240 620 40 60 . . 80 280 100 . . 80 20 680 160 80 80 160 Destroy 0b10 Robot/NC 400 | . 35 10 25 10 . 5 50 40 . . 10 90 . . . . . 35 . . . . . 25 10 45 . 10 Destroy Leader 920 | . 56 50 84 30 . 10 134 122 30 . 40 126 20 10 . . 10 44 10 . . 10 10 64 . . 20 40 Allied During Kill 910 | . . 2 . . . . . . . . . . . . . . 22 . . . . . . 549 170 112 55 . Successful Hack 194 | . . . 17 . . . 66 55 . . . . . . . . . 13 . . . . 16 13 . . 14 . Select Force Hacks 50 | . . . . . . . . . . . . . . . . . . . . . . . . . . . 50 . Disable Machine 975 | . 15 75 . 90 . . 60 150 . . . 240 . . . . . 120 . . . . . 45 30 60 75 15 Destroy Structure 617 | . 18 19 23 26 . 37 40 79 . . . 97 . . . . . 100 . . . . 4 48 46 10 40 30 Advance Influence 150 | . . . . . . . . . . . . 150 . . . . . . . . . . . . . . . . Partial Spotted 30 | . . . . . . . . 15 . . . . . . . . . . . . . . . . . . 15 . Lose Combat Pursuer 195 | . . 30 15 . . . . . 15 . 15 15 . . . . . . 30 . . . . 30 . . 30 15 Influence Decreases 8970 | . 172 430 476 348 24 119 572 724 679 14 305 482 915 71 . . 112 340 344 48 . 90 46 652 839 476 380 312 Entered New Map 1875 | . . 81 42 35 24 . 46 192 189 14 . . 317 1 . . . . 94 10 . . . 3 355 230 140 102 Time Decay 6162 | . 172 303 414 303 . 119 496 502 470 . 265 412 568 60 . . 95 290 250 38 . 90 46 559 294 206 60 150 Lost Part 516 | . . 26 20 10 . . 30 30 20 . 40 70 30 10 . . . 50 . . . . . 10 10 . 100 60 Lost Ally 417 | . . 20 . . . . . . . . . . . . . . 17 . . . . . . 80 180 40 80 . Squads Dispatched 41 | . 2 . 3 . . . 4 10 . . . 6 . . . . . 5 . . . . 1 5 . . 4 1 Investigation 17 | . 1 . 1 . . . 2 6 . . . 2 . . . . . 1 . . . . . 3 . . 1 . Extermination 8 | . . . . . . . . 3 . . . 3 . . . . . 1 . . . . 1 . . . . . Reinforcement 15 | . 1 . 2 . . . 2 1 . . . 1 . . . . . 3 . . . . . 2 . . 2 1 Assault . | . . . . . . . . . . . . . . . . . . . . . . . . . . . . . Garrison 1 | . . . . . . . . . . . . . . . . . . . . . . . . . . . 1 . Intercept . | . . . . . . . . . . . . . . . . . . . . . . . . . . . . . Searches Triggered . | . . . . . . . . . . . . . . . . . . . . . . . . . . . . . Construction Impeded 4 | . . . 1 . . . . 1 . . . 1 . . . . . . . . . . . . . . . 1 Haulers Reinforced 2 | . . . . . . . . . . . . . . . . . . 2 . . . . . . . . . . Active Scanning Responses . | . . . . . . . . . . . . . . . . . . . . . . . . . . . . . Cargo Convoy Interrupts . | . . . . . . . . . . . . . . . . . . . . . . . . . . . . . Stealth | -11 -10 -10 -9 -9 -9 -8 -8 -7 -7 -7 -6 -6 -6 -6 -6 -6 -5 -5 -5 -5 -5 -4 -4 -4 -4 -4 -4 -3 --------- Run | Yrd Mat Min Mat Min Exi Min Mat Fac Low Dat Pro Fac Low Low Zio Dee Pro Fac Upp Upp War Pro Fac Ext Cet Arc Hub Res Distress Signals 19 | . 2 . . . . . 6 . . . . 1 . . . . . . . . 1 . . 3 2 . 2 2 Communications Jammed 1 | . . . . . . . . 1 . . . . . . . . . . . . . . . . . . . . Distress Signals . | . . . . . . . . . . . . . . . . . . . . . . . . . . . . . Times Spotted 333 | . 13 10 18 11 . 8 30 21 13 . 15 33 2 3 . 15 7 14 11 . . 4 2 31 10 24 25 13 Peak Tracking Total 22 | . 6 2 7 3 . 3 5 3 4 . 4 6 1 3 . 3 4 3 5 . . 4 1 7 5 2 22 6 Tactical Retreats 13 | . . 2 1 1 . . . . 1 . 1 1 . . . 1 . . 1 . . . . 2 . . 1 1 Traps | -11 -10 -10 -9 -9 -9 -8 -8 -7 -7 -7 -6 -6 -6 -6 -6 -6 -5 -5 -5 -5 -5 -4 -4 -4 -4 -4 -4 -3 ------- Run | Yrd Mat Min Mat Min Exi Min Mat Fac Low Dat Pro Fac Low Low Zio Dee Pro Fac Upp Upp War Pro Fac Ext Cet Arc Hub Res Traps Triggered 11 | . . . . . . . . 3 . . . 2 . . . . . 1 . . . . . 4 . . . 1 Indirectly 3 | . . . . . . . . 2 . . . 1 . . . . . . . . . . . . . . . . Trap Hack Attempts . | . . . . . . . . . . . . . . . . . . . . . . . . . . . . . Triggered . | . . . . . . . . . . . . . . . . . . . . . . . . . . . . . Disarmed . | . . . . . . . . . . . . . . . . . . . . . . . . . . . . . Reprogrammed . | . . . . . . . . . . . . . . . . . . . . . . . . . . . . . Reused . | . . . . . . . . . . . . . . . . . . . . . . . . . . . . . Traps Extracted . | . . . . . . . . . . . . . . . . . . . . . . . . . . . . . Installed . | . . . . . . . . . . . . . . . . . . . . . . . . . . . . . Triggered . | . . . . . . . . . . . . . . . . . . . . . . . . . . . . . Machines | -11 -10 -10 -9 -9 -9 -8 -8 -7 -7 -7 -6 -6 -6 -6 -6 -6 -5 -5 -5 -5 -5 -4 -4 -4 -4 -4 -4 -3 ---------- Run | Yrd Mat Min Mat Min Exi Min Mat Fac Low Dat Pro Fac Low Low Zio Dee Pro Fac Upp Upp War Pro Fac Ext Cet Arc Hub Res Machines Disabled 72 | . 1 5 . 6 . . 4 10 . . . 16 . . 3 2 . 8 . . . . . 5 2 4 5 1 Max in Single Turn 6 | . 1 2 . 1 . . 1 3 . . . 6 . . 1 1 . 2 . . . . . 1 1 1 1 1 Garrison Access 4 | . . . . . . . 1 1 . . . . . . . . . 1 . . . . . . . . 1 . Network Hub 1 | . . . . . . . . . . . . . . . . . . . . . . . . . . . 1 . Machines Repaired . | . . . . . . . . . . . . . . . . . . . . . . . . . . . . . Machines Dismantled 3 | . . . . . . . . . . . . . . . 3 . . . . . . . . . . . . . Machines Sabotaged 1 | . . . . . . . . . . . . . . . . . . . . . . . . . . . 1 . Overloaded Fab Kills . | . . . . . . . . . . . . . . . . . . . . . . . . . . . . . Hacking | -11 -10 -10 -9 -9 -9 -8 -8 -7 -7 -7 -6 -6 -6 -6 -6 -6 -5 -5 -5 -5 -5 -4 -4 -4 -4 -4 -4 -3 --------- Run | Yrd Mat Min Mat Min Exi Min Mat Fac Low Dat Pro Fac Low Low Zio Dee Pro Fac Upp Upp War Pro Fac Ext Cet Arc Hub Res Machines Accessed 61 | . 3 . 6 . 2 . 8 8 1 3 . 5 1 . . . . 7 1 1 3 . 4 4 1 . 2 1 Terminals 27 | . 3 . 3 . . . 6 4 . . . 2 . . . . . 2 . . . . 2 3 1 . 1 . Fabricators 8 | . . . . . . . . 2 . . . 1 . . . . . 3 . . . . 1 . . . . 1 Repair Stations 3 | . . . 1 . . . 1 . . . . . . . . . . . . . . . . 1 . . . . Recycling Units 5 | . . . 1 . . . . 1 . . . 2 . . . . . 1 . . . . . . . . . . Scanalyzers 2 | . . . 1 . . . . . . . . . . . . . . . . . . . 1 . . . . . Garrison Access 4 | . . . . . . . 1 1 . . . . . . . . . 1 . . . . . . . . 1 . Total Hacks 195 | . 9 . 26 . 2 . 34 26 1 26 . 14 1 . . . . 19 1 1 6 . 7 12 2 . 6 2 Successful 104 | . 2 . 15 . 2 . 17 11 1 26 . 2 1 . . . . 8 1 1 6 . 3 5 . . 3 . Failed 91 | . 7 . 11 . . . 17 15 . . . 12 . . . . . 11 . . . . 4 7 2 . 3 2 Catastrophic 21 | . 1 . 3 . . . 4 3 . . . 2 . . . . . 2 . . . . 1 3 1 . . 1 Database Lockouts . | . . . . . . . . . . . . . . . . . . . . . . . . . . . . . Manual 65 | . 9 . 9 . 1 . 22 2 . . . 8 . . 2 . . 7 . . 1 . . 2 1 . 1 . Terminals 94 | . 9 . 11 . . . 29 17 . . . 5 . . . . . 6 . . . . 3 10 2 . 2 . Fabricators 23 | . . . . . . . . 7 . . . 2 . . . . . 10 . . . . 2 . . . . 2 Repair Stations 14 | . . . 9 . . . 3 . . . . . . . . . . . . . . . . 2 . . . . Recycling Units 12 | . . . 2 . . . . 1 . . . 7 . . . . . 2 . . . . . . . . . . Scanalyzers 6 | . . . 4 . . . . . . . . . . . . . . . . . . . 2 . . . . . Garrison Access 8 | . . . . . . . 2 1 . . . . . . . . . 1 . . . . . . . . 4 . Terminal Hacks 63 | . 1 . 1 . 2 . 10 6 1 26 . . 1 . . . . 2 1 1 6 . 1 3 . . 1 . Record 7 | . . . . . 1 . . . . 6 . . . . . . . . . . . . . . . . . . Part Schematic 13 | . . . . . . . 2 . . 10 . . . . . . . . . . . . . 1 . . . . Robot Schematic 7 | . . . . . . . . . . 7 . . . . . . . . . . . . . . . . . . Robot Analysis 7 | . 1 . 1 . . . 4 1 . . . . . . . . . . . . . . . . . . . . Prototype ID Bank 10 | . . . . . . . 1 1 . 3 . . . . . . . . . . 4 . . 1 . . . . Open Door 7 | . . . . . . . . . 1 . . . 1 . . . . . 1 1 2 . 1 . . . . . Branch Access Points 2 | . . . . . . . . 1 . . . . . . . . . 1 . . . . . . . . . . Terminal Index 2 | . . . . . . . 1 . . . . . . . . . . . . . . . . . . . 1 . Alert Level 1 | . . . . . . . . 1 . . . . . . . . . . . . . . . . . . . . Locate Traps 2 | . . . . . . . 1 . . . . . . . . . . 1 . . . . . . . . . . Transport Status 1 | . . . . . . . . 1 . . . . . . . . . . . . . . . . . . . . Recall Investigation 1 | . . . . . . . . . . . . . . . . . . . . . . . . 1 . . . . Zone Layout 2 | . . . . . . . 1 1 . . . . . . . . . . . . . . . . . . . . Proto ID Catalog 1 | . . . . . 1 . . . . . . . . . . . . . . . . . . . . . . . Fabricator Hacks 7 | . . . . . . . . 3 . . . . . . . . . 3 . . . . 1 . . . . . Network Status 1 | . . . . . . . . . . . . . . . . . . 1 . . . . . . . . . . Load Schematic 3 | . . . . . . . . 2 . . . . . . . . . 1 . . . . . . . . . . Build 3 | . . . . . . . . 1 . . . . . . . . . 1 . . . . 1 . . . . . Repair Station Hacks 11 | . . . 8 . . . 1 . . . . . . . . . . . . . . . . 2 . . . . Scan Component 6 | . . . 4 . . . 1 . . . . . . . . . . . . . . . . 1 . . . . Repair 5 | . . . 4 . . . . . . . . . . . . . . . . . . . . 1 . . . . Recycling Unit Hacks 2 | . . . . . . . . 1 . . . 1 . . . . . . . . . . . . . . . . Retrieve Components 2 | . . . . . . . . 1 . . . 1 . . . . . . . . . . . . . . . . Scanalyzer 5 | . . . 4 . . . . . . . . . . . . . . . . . . . 1 . . . . . Insert Component 2 | . . . 1 . . . . . . . . . . . . . . . . . . . 1 . . . . . Analyze 1 | . . . 1 . . . . . . . . . . . . . . . . . . . . . . . . . Retrieve Study 2 | . . . 2 . . . . . . . . . . . . . . . . . . . . . . . . . Garrison Access Hacks 5 | . . . . . . . 2 1 . . . . . . . . . 1 . . . . . . . . 1 . Seal Access 4 | . . . . . . . 1 1 . . . . . . . . . 1 . . . . . . . . 1 . Coupler Status 1 | . . . . . . . 1 . . . . . . . . . . . . . . . . . . . . . Unauthorized Hacks 11 | . 1 . 2 . . . 4 . . . . 1 . . . . . 2 . . . . . . . . 1 . Terminals 10 | . 1 . 2 . . . 4 . . . . 1 . . . . . 1 . . . . . . . . 1 . Assimilate 1 | . . . . . . . 1 . . . . . . . . . . . . . . . . . . . . . Botnet 8 | . 1 . 2 . . . 3 . . . . 1 . . . . . 1 . . . . . . . . . . Sabotage 1 | . . . . . . . . . . . . . . . . . . . . . . . . . . . 1 . Fabricators 1 | . . . . . . . . . . . . . . . . . . 1 . . . . . . . . . . Prioritize 1 | . . . . . . . . . . . . . . . . . . 1 . . . . . . . . . . Repair Stations . | . . . . . . . . . . . . . . . . . . . . . . . . . . . . . Recycling Units . | . . . . . . . . . . . . . . . . . . . . . . . . . . . . . Scanalyzers . | . . . . . . . . . . . . . . . . . . . . . . . . . . . . . Garrison Access . | . . . . . . . . . . . . . . . . . . . . . . . . . . . . . Data Cores Recovered . | . . . . . . . . . . . . . . . . . . . . . . . . . . . . . Used . | . . . . . . . . . . . . . . . . . . . . . . . . . . . . . Hacking Detections 44 | . 3 . 6 . . . 7 7 . . . 5 . . . . . 6 . . . . 3 3 2 . 1 1 Full Trace Events 15 | . 1 . 1 . . . 2 6 . . . 2 . . . . . 1 . . . . . 2 . . . . Feedback Events 1 | . . . . . . . . 1 . . . . . . . . . . . . . . . . . . . . Corruption 1 | . . . . . . . . 1 . . . . . . . . . . . . . . . . . . . . Feedback Blocked . | . . . . . . . . . . . . . . . . . . . . . . . . . . . . . Robot Schematics Acquired 7 | . . . . . . . . . . 7 . . . . . . . . . . . . . . . . . . Robots Built . | . . . . . . . . . . . . . . . . . . . . . . . . . . . . . Authchips . | . . . . . . . . . . . . . . . . . . . . . . . . . . . . . Time . | . . . . . . . . . . . . . . . . . . . . . . . . . . . . . Total Robot Build Rating . | . . . . . . . . . . . . . . . . . . . . . . . . . . . . . Part Schematics Acquired 14 | . . . 1 . . . 2 . . 10 . . . . . . . . . . . . . 1 . . . . Parts Built 4 | . . . . . . . . 2 . . . . . . . . . . . . . . 2 . . . . . Authchips . | . . . . . . . . . . . . . . . . . . . . . . . . . . . . . Time 351 | . . . . . . . . 73 . . . . . . . . . 139 . . . . 139 . . . . . Total Part Build Rating 24 | . . . . . . . . 6 . . . . . . . . . . . . . . 18 . . . . . Part Studies Acquired 2 | . . . 2 . . . . . . . . . . . . . . . . . . . . . . . . . Parts Repaired 5 | . . . 4 . . . . . . . . . . . . . . . . . . . . 1 . . . . Time 264 | . . . 128 . . . . . . . . . . . . . . . . . . . . 136 . . . . Parts Recycled . | . . . . . . . . . . . . . . . . . . . . . . . . . . . . . Recycled Matter . | . . . . . . . . . . . . . . . . . . . . . . . . . . . . . Retrieved Matter . | . . . . . . . . . . . . . . . . . . . . . . . . . . . . . Retrieved Components 9 | . . . . . . . . 3 . . . 6 . . . . . . . . . . . . . . . . Parts Scanalyzed 2 | . . . 1 . . . . . . . . . . . . . . . . . . . 1 . . . . . Part Schematics Acquired 1 | . . . 1 . . . . . . . . . . . . . . . . . . . . . . . . . Parts Damaged 1 | . . . . . . . . . . . . . . . . . . . . . . . 1 . . . . . Bothacking | -11 -10 -10 -9 -9 -9 -8 -8 -7 -7 -7 -6 -6 -6 -6 -6 -6 -5 -5 -5 -5 -5 -4 -4 -4 -4 -4 -4 -3 ------------ Run | Yrd Mat Min Mat Min Exi Min Mat Fac Low Dat Pro Fac Low Low Zio Dee Pro Fac Upp Upp War Pro Fac Ext Cet Arc Hub Res Used RIF Installer . | . . . . . . . . . . . . . . . . . . . . . . . . . . . . . Robots Hacked . | . . . . . . . . . . . . . . . . . . . . . . . . . . . . . Non-combat . | . . . . . . . . . . . . . . . . . . . . . . . . . . . . . Combat . | . . . . . . . . . . . . . . . . . . . . . . . . . . . . . Robot Hacks Applied . | . . . . . . . . . . . . . . . . . . . . . . . . . . . . . Relay Couplers Released 2 | . . . . . . . . . . . . . . . . . . . . . . . . . . . 2 . Machine Destruction 2 | . . . . . . . . . . . . . . . . . . . . . . . . . . . 2 . Fabnet Peak Effective % . | . . . . . . . . . . . . . . . . . . . . . . . . . . . . . Robots Rewired 9 | . . . . . . . . . . . . . . . . . . . . . . . . 9 . . . . Allies Hacked . | . . . . . . . . . . . . . . . . . . . . . . . . . . . . . Hacks Repelled . | . . . . . . . . . . . . . . . . . . . . . . . . . . . . . Allies | -11 -10 -10 -9 -9 -9 -8 -8 -7 -7 -7 -6 -6 -6 -6 -6 -6 -5 -5 -5 -5 -5 -4 -4 -4 -4 -4 -4 -3 -------- Run | Yrd Mat Min Mat Min Exi Min Mat Fac Low Dat Pro Fac Low Low Zio Dee Pro Fac Upp Upp War Pro Fac Ext Cet Arc Hub Res Total Allies 35 | . . 2 . . . . 1 . . . . . . . 5 . . . . . . . . 22 5 . . . Largest Group 14 | . . 2 . . . . 1 . . . . . . . 5 5 1 . . . . . . 14 14 9 5 . Highest-Rated Group 828 | . . 40 . . . . 10 . . . . . . . 285 285 96 . . . . . . 743 828 718 423 . Highest-Rated Ally 159 | . . 31 . . . . 10 . . . . . . . 96 96 96 . . . . . . 159 159 152 96 . Total Orders 5 | . . . . . . . . . . . . . . . . . . 3 . . . . . 1 . 1 . . STAY 1 | . . . . . . . . . . . . . . . . . . . . . . . . . . 1 . . EXPLORE 1 | . . . . . . . . . . . . . . . . . . 1 . . . . . . . . . . RETURN 3 | . . . . . . . . . . . . . . . . . . 2 . . . . . 1 . . . . Ally Attacks 388 | . . 5 . . . . . . . . . . . . . 90 6 . . . . . . 161 58 35 33 . Total Damage 9641 | . . 68 . . . . . . . . . . . . . 1565 94 . . . . . . 4416 1194 1130 1174 . Kills 52 | . . 1 . . . . . . . . . . . . . 9 . . . . . . . 30 6 3 3 . Allies Corrupted . | . . . . . . . . . . . . . . . . . . . . . . . . . . . . . Allies Melted 2 | . . . . . . . . . . . . . . . . . . . . . 1 . . 1 . . . . Intel | -11 -10 -10 -9 -9 -9 -8 -8 -7 -7 -7 -6 -6 -6 -6 -6 -6 -5 -5 -5 -5 -5 -4 -4 -4 -4 -4 -4 -3 ------- Run | Yrd Mat Min Mat Min Exi Min Mat Fac Low Dat Pro Fac Low Low Zio Dee Pro Fac Upp Upp War Pro Fac Ext Cet Arc Hub Res Active Infowar (turns) 9085 | . . . . . . . . 9 771 151 429 1165 1377 873 1533 32 490 . 690 162 859 322 222 . . . . . A.S.S. 1 | . . . . . . . . 1 . . . . . . . . . . . . . . . . . . . . IFF 7913 | . . . . . . . . . 771 151 416 15 1377 873 1533 32 490 . 690 162 859 322 222 . . . . . Traps 892 | . . . . . . . . . . . . 892 . . . . . . . . . . . . . . . . Seismic 1036 | . . . . . . . . . . . . 1036 . . . . . . . . . . . . . . . . Cloaking 708 | . . . . . . . . . . . . 708 . . . . . . . . . . . . . . . . Jamming 22 | . . . . . . . . 8 . . 13 1 . . . . . . . . . . . . . . . . Robot Analysis Total 7 | . 1 . 1 . . . 4 1 . . . . . . . . . . . . . . . . . . . . Derelict Logs Recovered 11 | . . 1 . 1 . . . . 1 . . . 2 . 1 . 2 . 2 . . 1 . . . . . . Drone Launches 3 | . . . . . . . . . . . . . . . . . . 2 . . . . . 1 . . . . Drone Recoveries 3 | . . . . . . . . . . . . . . . . . . 2 . . . . . 1 . . . . Exploration | -11 -10 -10 -9 -9 -9 -8 -8 -7 -7 -7 -6 -6 -6 -6 -6 -6 -5 -5 -5 -5 -5 -4 -4 -4 -4 -4 -4 -3 ------------- Run | Yrd Mat Min Mat Min Exi Min Mat Fac Low Dat Pro Fac Low Low Zio Dee Pro Fac Upp Upp War Pro Fac Ext Cet Arc Hub Res Turns Passed 28381 | 63 515 1484 1194 1849 865 537 1368 1352 1197 151 894 1687 1718 1170 2096 3015 588 990 693 162 859 322 368 1709 649 430 138 318 Spaces Moved 13739 | 51 375 513 300 599 342 188 472 548 664 91 426 806 835 663 942 1273 285 664 556 151 777 279 262 793 315 297 93 179 Core 2 | 2 . . . . . . . . . . . . . . . . . . . . . . . . . . . . Treads 4925 | . . . 4 . . . 304 548 664 91 426 668 300 . 490 945 . . . . . . . 146 315 24 . . Legs 5954 | . . 412 296 599 342 188 168 . . . . . . . . 328 285 664 556 151 777 279 262 647 . . . . Wheels 2313 | 49 375 101 . . . . . . . . . 138 535 663 452 . . . . . . . . . . . . . Hover 545 | . . . . . . . . . . . . . . . . . . . . . . . . . . 273 93 179 Flight . | . . . . . . . . . . . . . . . . . . . . . . . . . . . . . Fastest Speed 30 | 50 90 120 200 252 252 252 160 161 163 163 161 125 170 170 170 166 116 104 104 104 100 102 102 102 160 33 30 73 Average Speed 176 | 89 106 261 285 264 252 252 198 189 165 163 187 176 197 171 211 221 197 112 104 104 103 102 102 160 163 81 57 94 Slowest Speed 660 | 100 120 330 525 315 252 252 252 218 220 163 210 237 247 275 250 310 198 116 104 104 188 102 102 490 165 302 97 660 Overloaded Moves . | . . . . . . . . . . . . . . . . . . . . . . . . . . . . . Propulsion Burnouts . | . . . . . . . . . . . . . . . . . . . . . . . . . . . . . Robots Hopped . | . . . . . . . . . . . . . . . . . . . . . . . . . . . . . Potential Cave-ins . | . . . . . . . . . . . . . . . . . . . . . . . . . . . . . Cave-ins Triggered . | . . . . . . . . . . . . . . . . . . . . . . . . . . . . . Exploration Rate (%) 55 | 4 63 95 29 99 70 44 48 16 74 68 66 26 93 73 82 78 39 19 61 28 91 49 8 85 75 86 18 8 Regions Visited 28 Branch Regions 20 Pre-discovered Areas 5 | . . . . . 1 . . . 1 1 . . . . 1 . . . . . . 1 . . . . . . Known Exits Taken 9 | . . 1 . . . 1 . 1 . . . . . . 1 . 1 1 . 1 . . 1 . . . 1 . Unknown Exits Taken 19 | 1 1 . 1 1 1 . 1 . 1 1 1 1 1 1 . 1 . . 1 . 1 1 . 1 1 1 . . Scrap Searched 25 | . . 1 . 1 . . . . 2 . 1 . 4 6 3 . 2 . 2 2 . 1 . . . . . . Spaces Dug 59 | . . . . . . . 5 31 . . 17 5 . . . . . . . . . . 1 . . . . . Terrain Destroyed 600 | . 18 19 21 41 . 52 40 91 12 . 48 105 5 . . 20 . 67 1 . . 3 2 7 19 6 8 15 Melee . | . . . . . . . . . . . . . . . . . . . . . . . . . . . . . Projectile 188 | . . . 21 9 . 7 40 35 3 . . 13 5 . . 1 . 10 1 . . 3 2 7 2 6 8 15 AOE 412 | . 18 19 . 32 . 45 . 56 9 . 48 92 . . . 19 . 57 . . . . . . 17 . . . Terrain Rammed . | . . . . . . . . . . . . . . . . . . . . . . . . . . . . . Walls Destroyed . | . . . . . . . . . . . . . . . . . . . . . . . . . . . . . Machines Disabled . | . . . . . . . . . . . . . . . . . . . . . . . . . . . . . Actions | -11 -10 -10 -9 -9 -9 -8 -8 -7 -7 -7 -6 -6 -6 -6 -6 -6 -5 -5 -5 -5 -5 -4 -4 -4 -4 -4 -4 -3 --------- Run | Yrd Mat Min Mat Min Exi Min Mat Fac Low Dat Pro Fac Low Low Zio Dee Pro Fac Upp Upp War Pro Fac Ext Cet Arc Hub Res Total 16554 | 63 435 585 557 814 347 216 742 744 726 94 478 974 872 685 992 1456 299 832 651 156 832 294 349 1148 387 413 146 267 Wait 1142 | . 14 21 159 178 . 1 113 46 16 . 8 36 8 1 . 35 . 62 67 . 11 3 62 198 13 41 13 36 Move 13711 | 50 374 512 299 598 341 187 471 547 663 90 425 805 834 662 941 1272 284 663 555 150 776 278 261 792 314 296 92 179 Hop . | . . . . . . . . . . . . . . . . . . . . . . . . . . . . . Pick Up 157 | 6 10 3 15 1 1 . 11 12 3 . 2 14 3 2 7 24 . 12 2 . 5 . 2 9 1 4 4 4 Fast Attach 167 | 6 1 1 7 1 . . 14 14 2 2 . 11 4 2 2 26 1 13 5 3 14 . 5 6 5 14 1 7 Attach 64 | . . 2 1 . . . 2 7 2 . 3 6 2 1 2 6 . 4 2 . . . . 2 1 8 10 3 Detach 20 | . . . . . . . . 2 . . . 1 . . . 8 . . 1 . 2 . . . . 3 1 2 Swap 170 | . 4 4 11 7 2 4 13 6 8 . 9 20 4 5 5 14 5 20 2 . 4 . 3 8 5 . 5 2 Drop 265 | . 1 . 21 3 3 . 26 23 3 2 . 15 4 5 8 54 1 18 5 3 20 . 6 19 7 13 4 1 Fire 735 | 1 31 40 43 23 . 23 89 79 29 . 31 63 13 7 . 17 8 40 12 . . 13 10 41 41 34 14 33 Melee . | . . . . . . . . . . . . . . . . . . . . . . . . . . . . . Ram 2 | . . . . . . . . . . . . . . . . . . . . . . . . . . . 2 . Kick 13 | . . 2 1 3 . 1 . . . . . . . . . . . . . . . . . 6 . . . . Crush 15 | . . . . . . . 3 8 . . . 3 . . . . . . . . . . . 1 . . . . Escape Stasis 12 | . . . . . . . . . . . . . . . . . . . . . . . . 12 . . . . Rewire 54 | . . . . . . . . . . . . . . . . . . . . . . . . 54 . . . . Trap . | . . . . . . . . . . . . . . . . . . . . . . . . . . . . . Miscellaneous 27 | . . . . . . . . . . . . . . . 27 . . . . . . . . . . . . . Route ------- -11/Scrapyard -10/Materials (discovered 3 exits: *Mat x2 / [*Min]) -10/Mines (discovered 2 exits: *Mat x2) -9/Materials (discovered 3 exits: *Mat / [*Min x2]) -9/Mines (discovered 3 exits: *Mat x2 / *Exi) -9/Exiles -8/Mines -8/Materials -7/Factory (discovered 3 exits: Sto / *Low x2) -7/Lower Caves (discovered 2 exits: [*Low] / *Dat) -7/Data Miner -6/Proximity Caves -6/Factory (discovered 2 exits: *Fac / *Low) -6/Lower Caves -6/Lower Caves (discovered 2 exits: *Fac / *Zio) -6/Zion (discovered 2 exits: *Dee / [*Pro]) -6/Deep Caves -5/Proximity Caves -5/Factory (discovered 2 exits: *Upp x2) -5/Upper Caves -5/Upper Caves -5/Warlord -4/Proximity Caves -4/Factory (discovered 3 exits: Res x2 / *Ext) -4/Extension (discovered 3 exits: *Res x2 / *Cet) -4/Cetus (discovered 2 exits: *Res / [*Arc]) -4/Archives (discovered 3 exits: *Res / *Hub x2) -4/Hub_04(d) -3/Research History --------- Turn | Location | Event 2 | -11/Scrapyard | Met Revision 17 29 | -11/Scrapyard | Discovered new exit (range 14) 64 | -11/Scrapyard | Entered Materials 195 | -10/Materials | Discovered new exit (range 15) 261 | -10/Materials | Discovered new exit (range 16) 317 | -10/Materials | Build established: Mutant 375 | -10/Materials | Discovered new exit (range 5) 400 | -10/Materials | Core integrity fell below 50% 579 | -10/Materials | Entered Mines 779 | -10/Mines | Lost 3 parts (1n2w) 935 | -10/Mines | Identified exit to Materials 1345 | -10/Mines | Received a Rocket Launcher from a helpful Derelict 1407 | -10/Mines | Discovered exit to Materials (range 6) 1624 | -10/Mines | Core integrity fell below 20% 2063 | -10/Mines | Entered Materials 2063 | -9/Materials | Evolved 2 slots: Utility x2 2540 | -9/Materials | Discovered new exit (range 6) 2689 | -9/Materials | Discovered new exit (range 14) 2924 | -9/Materials | Build established: Scavenger-Mutant 2998 | -9/Materials | Discovered new exit (range 7) 3133 | -9/Materials | Repaired Deuterium Engine 3172 | -9/Materials | Repaired Hvy. Particle Cannon 3200 | -9/Materials | Repaired Lgt. Treads+ 3227 | -9/Materials | Repaired Lgt. Armor Plating 3257 | -9/Materials | Entered Mines 3295 | -9/Mines | Identified exit to Materials 3324 | -9/Mines | Build established: Mutant 3454 | -9/Mines | Assembled infested the area 3459 | -9/Mines | Assisted by a Guerilla fighting off Assembled 3903 | -9/Mines | Discovered exit to Materials (range 9) 5096 | -9/Mines | Deemed a non-threat by the Exiles lab entrance 5096 | -9/Mines | Discovered new exit (range 5) 5106 | -9/Mines | Entered Exiles 5164 | -9/Exiles | Met 8R-AWN 5210 | -9/Exiles | Met EX-HEX 5373 | -9/Exiles | Met EX-DEC 5423 | -9/Exiles | Learned location of Zion (-6) 5617 | -9/Exiles | Met EX-BIN 5652 | -9/Exiles | Aligned with FarCom system 5655 | -9/Exiles | Given EX-Vault access code 5715 | -9/Exiles | Opened EX-Vault 5733 | -9/Exiles | Found Firepult 5782 | -9/Exiles | Warned to stay clear of 0b10 Research branches 5941 | -9/Exiles | Discovered new exit (range 11) 5971 | -9/Exiles | Left Exiles lab with Firepult 5971 | -9/Exiles | Entered Mines 6191 | -8/Mines | Core integrity fell below 50% 6287 | -8/Mines | Discovered exit to Materials (range 11) 6508 | -8/Mines | Entered Materials 6508 | -8/Materials | Evolved 2 slots: Propulsion x2 6774 | -8/Materials | Destroyed 7 combat bots 7340 | -8/Materials | Build established: Scavenger-Mutant 7605 | -8/Materials | Discovered new exit (range 3) 7876 | -8/Materials | Entered Factory 7876 | -7/Factory | Evolved 2 slots: Propulsion x2 8050 | -7/Factory | Found Prototype Device 8050 | -7/Factory | Identified Active Sensor Suite 8103 | -7/Factory | Identified exit to Storage 8103 | -7/Factory | Identified exit to Lower Caves 8681 | -7/Factory | Fabricated Arm. Treads? 9228 | -7/Factory | Entered Lower Caves 9332 | -7/Lower Caves | Ambushed by wild Derelicts 9349 | -7/Lower Caves | System corruption reached 10% 10283 | -7/Lower Caves | A Derelict revealed a hidden shortcut to meet someone special 10293 | -7/Lower Caves | Discovered new exit (range 8) 10425 | -7/Lower Caves | Entered Data Miner 10427 | -7/Data Miner | Discovered new exit (range 6) 10457 | -7/Data Miner | Met Data Miner 10488 | -7/Data Miner | Learned location of Section 7 (-2) 10488 | -7/Data Miner | Acquired the access code to Warlord's prototype stash 10515 | -7/Data Miner | Received God Mode back door access code from Data Miner 10576 | -7/Data Miner | Entered Proximity Caves 10579 | -6/Proximity Caves | Spotter reported a threat 10783 | -6/Proximity Caves | Attracted the attention of an 0b10 checkpoint 11451 | -6/Proximity Caves | Discovered new exit (range 6) 11470 | -6/Proximity Caves | Entered Factory 11470 | -6/Factory | Evolved 2 slots: Power x1, Weapon x1 11649 | -6/Factory | Discovered new exit (range 14) 12049 | -6/Factory | Build established: Scavenger-Skirmisher 12318 | -6/Factory | Destroyed 8 combat bots 12592 | -6/Factory | Discovered new exit (range 9) 12636 | -6/Factory | Identified exit to Factory 12937 | -6/Factory | Spotted B-75 Beast 12957 | -6/Factory | Destroyed B-75 Beast 13157 | -6/Factory | Entered Lower Caves 13229 | -6/Lower Caves | Spotted B-75 Beast 13277 | -6/Lower Caves | Destroyed B-75 Beast 13301 | -6/Lower Caves | Lost 3 parts (1p1n1w) 13496 | -6/Lower Caves | Learned Factory stockpile data 13595 | -6/Lower Caves | Build established: Tank 14005 | -6/Lower Caves | Learned Factory stockpile data 14278 | -6/Lower Caves | Discovered new exit (range 11) 14875 | -6/Lower Caves | Entered another Lower Caves area 14949 | -6/Lower Caves | Discovered exit to Factory (range 7) 15426 | -6/Lower Caves | Discovered new exit (range 15) 16045 | -6/Lower Caves | Entered Zion 16190 | -6/Zion | Discovered new exit (range 16) 16207 | -6/Zion | Received a visual enhancement algorithm 16338 | -6/Zion | Gained Derelict followers 16601 | -6/Zion | Given A8's code to call for help 16752 | -6/Zion | Identified exit to Deep Caves 16813 | -6/Zion | Given the Hacking Drone Bay 16820 | -6/Zion | Found Prototype Device 17567 | -6/Zion | Ran a visual enhancement algorithm 17575 | -6/Zion | Enhanced Grunt warped into view, answering call for help 17578 | -6/Zion | Identified Hacking Drone Bay 17585 | -6/Zion | Enhanced Grunt warped into view, answering call for help 18131 | -6/Zion | Saw the warning signs outside the Deep Caves entrance 18141 | -6/Zion | Entered Deep Caves 18141 | -6/Deep Caves | Accompanied by 5 allies 18492 | -6/Deep Caves | Z-Facility disabled 18501 | -6/Deep Caves | Attacked by Z-Imprinter 18515 | -6/Deep Caves | Allies destroyed Z-Imprinter 18559 | -6/Deep Caves | Found Prototype Device 18559 | -6/Deep Caves | Identified Zio. Metafield Generator 18578 | -6/Deep Caves | Found Prototype Protection 18578 | -6/Deep Caves | Identified Zio. Weapon Casing 18664 | -6/Deep Caves | Found Prototype Device 18664 | -6/Deep Caves | Identified Exp. Thermal Shield 19215 | -6/Deep Caves | Build established: Scavenger-Tank 19533 | -6/Deep Caves | Discovered new exit (range 10) 19850 | -6/Deep Caves | Spotted AG-40765 19860 | -6/Deep Caves | Destroyed AG-40765 20265 | -6/Deep Caves | Found Prototype Protection 20265 | -6/Deep Caves | Identified Zio. Heavy Carapace 20797 | -6/Deep Caves | Found Zio. Heavy Carapace 20827 | -6/Deep Caves | Found Zio. Weapon Casing 20833 | -6/Deep Caves | Found Zio. Weapon Casing 20873 | -6/Deep Caves | Found Zio. Heavy Carapace 21156 | -6/Deep Caves | Entered Proximity Caves 21156 | -5/Proximity Caves | Accompanied by 1 ally 21657 | -5/Proximity Caves | Learned Factory emergency access door positions 21718 | -5/Proximity Caves | Discovered exit to Factory (range 11) 21736 | -5/Proximity Caves | Attracted the attention of an 0b10 checkpoint 21744 | -5/Proximity Caves | Entered Factory 21744 | -5/Factory | Evolved 2 slots: Propulsion x2 22229 | -5/Factory | Identified exit to Upper Caves 22617 | -5/Factory | Spotted B-75 Beast 22734 | -5/Factory | Entered Upper Caves 22822 | -5/Upper Caves | Attracted the attention of an 0b10 checkpoint 22948 | -5/Upper Caves | Entered a destroyed Warlord outpost 22956 | -5/Upper Caves | Learned 8 Factory zone layouts 23033 | -5/Upper Caves | Build established: Tank 23049 | -5/Upper Caves | Encountered a Warlord checkpoint 23199 | -5/Upper Caves | Learned 8 Factory zone layouts 23395 | -5/Upper Caves | Discovered new exit (range 6) 23427 | -5/Upper Caves | Entered another Upper Caves area 23428 | -5/Upper Caves | Identified exit to Warlord 23589 | -5/Upper Caves | Entered Warlord 23626 | -5/Warlord | System corruption reached 10% 23634 | -5/Warlord | System corruption cleaned by Quarantine Array 23924 | -5/Warlord | Build established: Scavenger-Tank 24071 | -5/Warlord | Opened Warlord's prototype stash 24100 | -5/Warlord | Found Prototype Reactor 24100 | -5/Warlord | Identified Vortex Chain Reactor 24167 | -5/Warlord | Warlord's base attacked by MAIN.C 24226 | -5/Warlord | Found Prototype Energy Gun 24226 | -5/Warlord | Identified Vortex Rail 24232 | -5/Warlord | Found Prototype Energy Gun 24232 | -5/Warlord | Identified Vortex Rifle 24295 | -5/Warlord | Met Warlord 24388 | -5/Warlord | Build established: Tank 24419 | -5/Warlord | Opened side exit 24439 | -5/Warlord | Discovered new exit (range 9) 24448 | -5/Warlord | Entered Proximity Caves 24457 | -4/Proximity Caves | Spotted B-86 Titan 24761 | -4/Proximity Caves | Discovered new exit (range 4) 24770 | -4/Proximity Caves | Entered Factory 24770 | -4/Factory | Evolved 2 slots: Propulsion x2 24771 | -4/Factory | Identified exit to Extension 24771 | -4/Factory | Identified exit to Research 24955 | -4/Factory | Fabricated Enh. Hardcell Cannon (x2) 25138 | -4/Factory | Entered Extension 25197 | -4/Extension | Rescued a captive Derelict 25204 | -4/Extension | Rescued a captive Derelict 25298 | -4/Extension | Rescued A7 25474 | -4/Extension | Build established: Scavenger-Tank 25582 | -4/Extension | Rescued a captive Derelict 25582 | -4/Extension | Rescued a captive Derelict 25600 | -4/Extension | Rescued a captive Derelict 25600 | -4/Extension | Rescued a captive Derelict 25632 | -4/Extension | Repaired Broken Cld. Antigrav System 25739 | -4/Extension | Rescued a captive Derelict 25741 | -4/Extension | Rescued a captive Derelict 25758 | -4/Extension | Rescued a captive Derelict 25759 | -4/Extension | Rescued a captive Derelict 26053 | -4/Extension | Spotted B-86 Titan 26061 | -4/Extension | Allies destroyed B-86 Titan 26067 | -4/Extension | Spotted B-86 Titan 26079 | -4/Extension | Allies destroyed B-86 Titan 26121 | -4/Extension | Lost 3 allies 26468 | -4/Extension | Rescued a captive Derelict 26503 | -4/Extension | Rescued a captive Derelict 26604 | -4/Extension | Rescued a captive Derelict 26790 | -4/Extension | Discovered new exit (range 6) 26847 | -4/Extension | Entered Cetus 26847 | -4/Cetus | Accompanied by 14 allies (A7) 26852 | -4/Cetus | Acquired a Cetus Manufacturing Module code from A7 26859 | -4/Cetus | Spotted Cetus Guard 26859 | -4/Cetus | Spotted Cetus Guard 26866 | -4/Cetus | Spotted Cetus Guard 26866 | -4/Cetus | Spotted Cetus Guard 26869 | -4/Cetus | Destroyed Cetus Guard 26873 | -4/Cetus | Destroyed Cetus Guard 26876 | -4/Cetus | Allies destroyed Cetus Guard 26877 | -4/Cetus | Destroyed Cetus Guard 26907 | -4/Cetus | Lost 5 allies 26959 | -4/Cetus | Started Cetus Manufacturing Module 26978 | -4/Cetus | Discovered new exit (range 15) 26984 | -4/Cetus | Manufactured an Enhanced Grunt 27009 | -4/Cetus | Manufactured an Enhanced Grunt 27009 | -4/Cetus | Spotted Cetus Guard 27010 | -4/Cetus | Spotted Cetus Guard 27010 | -4/Cetus | Spotted Cetus Guard 27011 | -4/Cetus | Spotted Cetus Guard 27015 | -4/Cetus | Allies destroyed Cetus Guard 27016 | -4/Cetus | Destroyed Cetus Guard 27017 | -4/Cetus | Allies destroyed Cetus Guard 27034 | -4/Cetus | Manufactured an Enhanced Grunt 27034 | -4/Cetus | Allies destroyed Cetus Guard 27042 | -4/Cetus | Discovered exit to Research (range 16) 27053 | -4/Cetus | Met Revision 17 27059 | -4/Cetus | Manufactured an Enhanced Grunt 27061 | -4/Cetus | Lost 4 allies 27084 | -4/Cetus | Manufactured an Enhanced Grunt 27267 | -4/Cetus | System corruption reached 10% 27335 | -4/Cetus | Escorted A7 to Cetus Mainframe 27425 | -4/Cetus | Cetus Manufacturing Module disabled 27496 | -4/Cetus | Entered Archives 27496 | -4/Archives | Accompanied by 9 allies (A7) 27501 | -4/Archives | Received a hacking code to weaken MAIN.C 27501 | -4/Archives | Murdered A7 27508 | -4/Archives | Extracted ID and sensor layout for unrecognized location from A7's data core 27604 | -4/Archives | Found Prototype Protection 27604 | -4/Archives | Identified Med. Regenerative Plating 27652 | -4/Archives | Discovered new exit (range 15) 27741 | -4/Archives | Discovered new exit (range 16) 27822 | -4/Archives | Discovered exit to Research (range 16) 27926 | -4/Archives | Entered Hub_04(d) 27926 | -4/Hub_04(d) | Accompanied by 5 allies 27930 | -4/Hub_04(d) | Network Hub disabled 27965 | -4/Hub_04(d) | Garrison activated, responded to threat 27977 | -4/Hub_04(d) | Spotted Lightning 27979 | -4/Hub_04(d) | Spotted Lightning 27981 | -4/Hub_04(d) | Spotted Lightning 27993 | -4/Hub_04(d) | Found Exp. Thermal Shield 28025 | -4/Hub_04(d) | Lost 5 allies 28058 | -4/Hub_04(d) | Discovered exit to Research (range 5) 28064 | -4/Hub_04(d) | Entered Research 28064 | -3/Research | Evolved 2 slots: Utility x2 28083 | -3/Research | Lost 10 parts (2p6n2w) 28327 | -3/Research | Lost 3 parts (1p2n) 28382 | -3/Research | Self-destructed Last Messages --------------- 28373_ U-05 Engineer builds a Wall. 28374_ Slug penetrates U-05 Engineer. 28374_ U-05 Engineer destroyed. 28374_ Slug penetrates K-01 Serf. 28374_ Penetrated by Slug. 28374_ Slug penetrates Wall. 28374_ K-01 Serf destroyed. 28374_ H-77 Assassin knocked back. 28375_ K-01 Serf collects debris. 28376_ Destroyed Com. Wheel. 28376_ R-10 Processor knocked back. 28378_ K-01 Serf collects debris. 28379_ Penetrated by Slug. 28379_ Slug penetrates Wall. 28379_ K-01 Serf collects debris. 28380_ K-01 Serf cleans the DSF Access. 28381_ K-01 Serf collects debris. 28382_ Penetrated by Slug. 28382_ Imp. Antigrav System destroyed. 28382_ K-01 Serf destroyed. Map ----- +----------------------------------------------------+ | ?????????????????????????????????????????????????? | | ?????????????????????????????????????????????????? | | ?????????????????????????????????????????????????? | | ?????????????????????????????????????????????????? | | ?????????????????????????????????????????????????? | | ?????????????????????????????????????????????????? | | ?????????????????????????????????????????????????? | | ?????????????????????????????????????????????????? | | ?????????????????????? ???????????????????????? | | ????????????????????? ???????????????????????? | | ????????????????????? ???????????????????????? | | ?????????????????????# #??????????????????????? | | ?????????????????????# #??????????????????????? | | ?????????????????????# #??????????????????????? | | ?????????????????????w +??????????????????????? | | ?????????????????????# #??????????????????????? | | ?????????????????????# #??????????????????????? | | ???????????? ????????# #??????????????????????? | | ????????????? ??????# #??????????????????????? | | ??????????????? ????# k#??????????????????????? | | ??????????????#+#+#### #??????????????????????? | | ??????????????# ##?????????????????????? | | ??????????????# !!##?????????????????????? | | ?????????????## %%k#####??????????????????? | | ????????? %=%u############??????????? | | ????????????########## =u@hk=[=u R ???? | | ?????????????????????# %=[#############??????????? | | ?????????????????????# ku###????????????????????? | | ?????????????????????# %*=#??????????????????????? | | ?????????????????????# #??????????????????????? | | ?????????????????????# #??????????????? ??????? | | ?????????????????????#k u#??????????????? ??????? | | ?????????????????????# #????##########? ??????? | | ?????????????????????# #????# #? ??????? | | ?????????????????????# #????# #? ??????? | | ?????????????????????# R #????# #? ??????? | | ?????????????????????# ##???# """ #? ####??? | | ?????????????????????# u kT#???# """ ## #??? | | ?????????????????????#h #???# """ ## #??? | | ?????????????????????# ##???# ## #??? | | ?????????????????????# #????# ## #??? | | ?????????????????????# h #????# ## #??? | | ??????????????######## ##########+##### #### | | ??????????????# | | ??????????????# | | ??????????????# | | ??????????????# "" | | ??????????????# "" ###+######+############# | | ??????????????# "" # ???# ??????????? | | ??????????????# ""F" # ?# ????????? | +----------------------------------------------------+ Best States ------------- Heat Dissipation 77 Energy Generation 55 Energy Capacity 700 Matter Stores 300 Matter Capacity 300 Sight Range 16 Terrain Scan Density 10 Jamming Range 12 Cloak Strength 3 Additional Mass Support 16 Armor Coverage 1200 Resistance: KI 30 Resistance: TH 30 Resistance: EM 25 Propulsion Shielding 90 Weapon Shielding 100 Phase Shifting 5 Evasion (%) 58 Core Analysis 6 Recoil Reduction 10 Item Schematics ----------------- Lgt. Treads | -9/Materials | Scanalyzed Huge Storage Unit | -8/Materials | Hacked Arm. Treads | -8/Materials | Hacked Combat Drone Bay | -7/Data Miner | Free Lgt. Regenerative Plating | -7/Data Miner | Free Cld. Aerolev Unit | -7/Data Miner | Free Exp. Targeting Computer | -7/Data Miner | Free Com. Ion Cannon | -7/Data Miner | Free Field Propulsion Drive | -7/Data Miner | Free Adv. Cooling System | -7/Data Miner | Free Hvy. Phase Cannon | -7/Data Miner | Free Matter Compressor | -7/Data Miner | Free Hvy. Gauss Cannon | -7/Data Miner | Free Lgt. Particle Reactor | -4/Extension | Hacked Robot Schematics ------------------ G-50 Soldier | -7/Data Miner | Free M-14 Sweeper | -7/Data Miner | Free M-22 Extractor | -7/Data Miner | Free M-28 Smith | -7/Data Miner | Free B-60 Warrior | -7/Data Miner | Free A-15 Conveyor | -7/Data Miner | Free R-10 Processor | -7/Data Miner | Free Fabricated ------------ Arm. Treads | x2 | -7/Factory Enh. Hardcell Cannon | x2 | -4/Factory | Preloaded Repaired ---------- Deuterium Engine | 26% | -9/Materials Hvy. Particle Cannon | 50% | -9/Materials Lgt. Treads | 62% | -9/Materials Lgt. Armor Plating | 67% | -9/Materials Cld. Antigrav System | 99% | -4/Extension | Broken Studied --------- Aluminum Leg | -9/Materials | Hacked Lgt. Treads | -9/Materials | Hacked Alien Tech Used ----------------- None Achievements -------------- None Challenges ------------ None Game ------ Seed TechSurgeBallwheel Manual? 0 Play Time 03:08:51 Cumulative 434.7 hours Start 2025.12.17 @ 18:11:43 End 2025.12.18 @ 06:27:19 Sessions 5 Manual Loads 0 Difficulty Rogue Special Mode None Game No. 422 Rogue 418 Adventurer 3 Explorer 1 Win Type - Total 7 Types 6/0/1/0/0/0/0/0/0/0 Lore% 86 Gallery% 80 Achievement% 70 Wizard Run 0 Options --------- Layout 0 ASCII 0 Keyboard 0 Movement Mouse Keybinds 0 Fullscreen 2 Font 18/SmallcapsGlow Map View 76x50 Zoom Use 0% Tactical HUD 1 Map Filters NONE Filters NONE Steam 1 RUN: fb27c990-e1a7-420d-946e-b3f8f0dfaf3e